 Dungeon Crawl Stone Soup version 0.29.0-13-gc9e81de378 (webtiles) character file.

Game seed: 16328902457044012886

47 ytrimaz the Insei (level 3, -3/28 HPs)
             Began as a Gnoll Transmuter on Sept 11, 2022.
             Slain by a gnoll
             ... wielding a +0 club
              (5 damage)
             ... on level 2 of the Dungeon.
             The game lasted 00:01:07 (1531 turns).

ytrimaz the Insei (Gnoll Transmuter)                Turns: 1531, Time: 00:01:08

Health: -3/28      AC:  2    Str:  9    XL:     3   Next: 70%
Magic:  7/9        EV: 13    Int: 14    God:
Gold:   54         SH:  0    Dex: 12    Spells: 9/12 levels left

rFire   . . .      SeeInvis .     - Unarmed
rCold   . . .      Faith    .   (no shield)
rNeg    . . .      Spirit   .   a - +0 robe
rPois   .          Reflect  .   (helmet currently unavailable)
rElec   .          Harm     .   (no cloak)
rCorr   .          Rampage  .   (no gloves)
Will    .....                   (boots currently unavailable)
Stlth   ++........              (no amulet)
HPRegen 0.09/turn               (no ring)
MPRegen 0.11/turn               (no ring)

@: appendages (expiring), wereblooded
A: horns 2, talons 2, fangs 1, strong nose, distributed training
a: End Transformation


You were on level 2 of the Dungeon.
You had temporarily grown beastly horns and talons.
You visited 1 branch of the dungeon, and saw 2 of its levels.

You collected 54 gold pieces.

Inventory:

Armour
 a - a +0 robe (worn)
Potions
 b - a potion of lignification
 c - a potion of curing


   Skills:
 + Level 2.6 Fighting
 + Level 1.0 Short Blades
 + Level 1.0 Long Blades
 + Level 1.0 Axes
 + Level 1.0 Maces & Flails
 + Level 1.0 Polearms
 + Level 1.0 Staves
 + Level 1.0 Ranged Weapons
 + Level 1.0 Throwing
 + Level 1.0 Armour
 + Level 4.6 Dodging
 + Level 1.0 Stealth
 + Level 1.0 Shields
 + Level 6.5 Unarmed Combat
 + Level 5.0 Spellcasting
 + Level 0.7 Conjurations
 + Level 0.7 Hexes
 + Level 0.7 Summonings
 + Level 0.7 Necromancy
 + Level 0.7 Translocations
 + Level 3.8 Transmutations
 + Level 0.7 Fire Magic
 + Level 0.7 Ice Magic
 + Level 0.7 Air Magic
 + Level 0.7 Earth Magic
 + Level 0.7 Poison Magic
 + Level 1.0 Invocations
 + Level 1.0 Evocations


You had 9 spell levels left.
You knew the following spells:

 Your Spells              Type           Power      Damage    Failure   Level
a - Beastly Appendage     Tmut           28%        N/A       3%          1
b - Wereblood             Tmut           14%        N/A       5%          2

Your spell library contained the following spells:

 Spells                   Type           Power      Damage    Failure   Level
 Spider Form              Tmut/Pois      9%         N/A       21%         3
 Ice Form                 Ice/Tmut       9%         N/A       56%         4


Dungeon Overview and Level Annotations

Branches:
Dungeon (2/15)

Altars:


Innate Abilities, Weirdness & Mutations

You have temporarily grown beastly horns and talons.
You have very sharp teeth.
Your uncanny sense of smell can sniff out nearby items.
Your experience applies equally to all skills.


Message History

The gnoll is heavily wounded.
The gnoll hits you from afar with a +0 halberd.
The gnoll barely misses you. x2
You hit the gnoll. Your kick misses the gnoll. Your headbutt misses the gnoll.
The gnoll is severely wounded.
The gnoll closely misses you. The gnoll hits you with a +0 club.
You hit the gnoll. You claw the gnoll, but do no damage.
Your headbutt misses the gnoll.
The gnoll is moderately wounded.
You hit the gnoll.
You feel a bit better.
You kill the gnoll!
The gnoll hits you with a +0 halberd.
Your Invocations skill increases to level 1!
You barely miss the gnoll. You claw the gnoll, but do no damage.
The gnoll is moderately wounded.
Your transformation is almost over.
The gnoll hits you with a +0 halberd!
Ouch! That really hurt!
* * * LOW HITPOINT WARNING * * *
You are too injured to fight recklessly!
You hit the gnoll. You claw the gnoll.
You feel a bit better.
You kill the gnoll!
You howl as the wereblood boils in your veins!
Your Short Blades skill increases to level 1!
Your Long Blades skill increases to level 1!
Your Axes skill increases to level 1!
Your Maces & Flails skill increases to level 1!
Your Polearms skill increases to level 1!
Your Staves skill increases to level 1!
Your Ranged Weapons skill increases to level 1!
Your Throwing skill increases to level 1!
Your Armour skill increases to level 1!
Your Stealth skill increases to level 1!
Your Shields skill increases to level 1!
Your Evocations skill increases to level 1!
Okay, then.
As you read the scroll labelled ZOOKHL HE ZAED, it crumbles to dust.
You hear a loud clanging noise!
It was a scroll of noise.
The gnoll hits you with a +0 club.
You die...

#####.#..<.....#######
......#........#..#
###..##.#......#..#
...........#......#
###### ....#...#.## #
... #...#.# #.
######.###.##.#
#.##... ∆......).#
#......##.######@#
#........ #g#
+.......# #.#
#.....†.# ∆ .g#
#.....†.# ###
#.#####.# #.# #.#
#+#####.#


You could see 2 gnolls.

Vanquished Creatures
  2 gnolls (D:2)
  A dart slug (D:2)
  2 bats (D:2)
  2 endoplasms (D:1)
  2 giant cockroaches
  A goblin (D:1)
  3 hobgoblins
  3 kobolds
  A quokka (D:1)
  2 ball pythons (D:1)
  A frilled lizard (D:1)
  4 rats
24 creatures vanquished.

Notes
Turn   | Place    | Note
-------+----------+-------------------------------------------
     0 | D:1      | ytrimaz the Gnoll Transmuter began the quest for the Orb.
     0 | D:1      | Reached XP level 1. HP: 17/17 MP: 6/6
   429 | D:1      | Reached XP level 2. HP: 20/23 MP: 5/7
   955 | D:1      | Learned a level 2 spell: Wereblood
  1348 | D:2      | Reached skill level 5 in Spellcasting
  1348 | D:2      | Reached XP level 3. HP: 28/28 MP: 6/9
  1529 | D:2      | Reached skill level 1 in Invocations
  1529 | D:2      | HP: 1/28 [gnoll/+0 halberd (16)]
  1531 | D:2      | Reached skill level 1 in Short Blades
  1531 | D:2      | Reached skill level 1 in Long Blades
  1531 | D:2      | Reached skill level 1 in Axes
  1531 | D:2      | Reached skill level 1 in Maces & Flails
  1531 | D:2      | Reached skill level 1 in Polearms
  1531 | D:2      | Reached skill level 1 in Staves
  1531 | D:2      | Reached skill level 1 in Ranged Weapons
  1531 | D:2      | Reached skill level 1 in Throwing
  1531 | D:2      | Reached skill level 1 in Armour
  1531 | D:2      | Reached skill level 1 in Stealth
  1531 | D:2      | Reached skill level 1 in Shields
  1531 | D:2      | Reached skill level 1 in Evocations
  1531 | D:2      | Slain by a gnoll

Illustrated notes

Levels and vault maps discovered:
D:1:      nicolae_arrival_washed_ashore, layout_basic, grunt_decor_cap,
          minmay_domino_2
D:2:      layout_basic, hellmonk_ecumenical_altar_lost_god, grunt_ministairs_14,
          uniq_crazy_yiuf_cottage

Skill      XL: |  1  2  3 |
---------------+----------+-----
Spellcasting   | 5 |  5.0
Invocations    | 1 |  1.0
Short Blades   | 1 |  1.0
Long Blades    | 1 |  1.0
Axes           | 1 |  1.0
Maces & Flails | 1 |  1.0
Polearms       | 1 |  1.0
Staves         | 1 |  1.0
Ranged Weapons | 1 |  1.0
Throwing       | 1 |  1.0
Armour         | 1 |  1.0
Stealth        | 1 |  1.0
Shields        | 1 |  1.0
Evocations     | 1 |  1.0
Fighting       | |  2.6
Dodging        | |  4.6
Unarmed Combat | |  6.5
Conjurations   | |  0.7
Hexes          | |  0.7
Summonings     | |  0.7
Necromancy     | |  0.7
Translocations | |  0.7
Transmutations | |  3.8
Fire Magic     | |  0.7
Ice Magic      | |  0.7
Air Magic      | |  0.7
Earth Magic    | |  0.7
Poison Magic   | |  0.7

Action                   || total
-------------------------++-------
Melee: Unarmed           ||    51
       Kick              ||    10
       Punch             ||     1
       Bite              ||     1
       Headbutt          ||     5
 Cast: Beastly Appendage ||    22
       Wereblood         ||     1
  Use: Scroll            ||     5
 Stab: Sleeping          ||     2
Armor: Robe              ||     6
Dodge: Dodged            ||    29
